 Dungeon Crawl Stone Soup version 0.22-a0-271-gc000056 (webtiles) character file.

303 varam the Covert (level 6, -1/39 HPs)
             Began as a Halfling Assassin on Mar 10, 2018.
             Slain by Grinder (2 damage)
             ... on level 3 of the Dungeon.
             The game lasted 00:09:48 (3537 turns).

varam the Covert (Halfling Assassin)                Turns: 3537, Time: 00:09:49

Health: -1/39      AC:  6    Str: 13    XL:     6   Next: 66%
Magic:  6/6        EV: 12    Int: 15    God:
Gold:   110        SH:  0    Dex: 16    Spells: 5/5 levels left

rFire    . . .     SeeInvis .   h - +2 short sword (flame)
rCold    . . .     Gourm    .   (shield restricted)
rNeg     . . .     Faith    .   t - +0 ring mail
rPois    .         Spirit   .   (no helmet)
rElec    .         Reflect  .   d - +0 cloak
rCorr    .         Harm     .   (no gloves)
MR       .....                  (no boots)
Stlth    ++++......             (no amulet)
HPRegen  0.13/turn              o - ring of stealth
MPRegen  0.10/turn              p - +5 ring of intelligence

@: no status effects
A: small, mutation resistance 1
a: no special abilities


You were on level 3 of the Dungeon.
You were hungry.

You visited 1 branch of the dungeon, and saw 3 of its levels.
You also visited: Sewer.

You collected 110 gold pieces.

Inventory:

Hand Weapons
 a - a +2 dagger
 b - a +0 blowgun
 h - a +2 short sword of flaming (weapon)
 s - a +0 hunting sling
Missiles
 e - 7 poisoned needles
 f - 2 curare-tipped needles
 u - 23 sling bullets
Armour
 c - a +0 robe
 d - a +0 cloak (worn)
 t - a +0 ring mail (worn)
Jewellery
 o - a ring of stealth (left hand)
 p - a +5 ring of intelligence (right hand)
Wands
 q - a wand of digging (13)
Scrolls
 i - 2 scrolls of identify
 k - a scroll of enchant weapon {unknown}
 l - a scroll of noise {unknown}
 m - a scroll of immolation {unknown}
 n - 3 scrolls of teleportation
Potions
 j - 2 potions of heal wounds
 v - 2 potions of flight {unknown}
 w - a potion of curing {unknown}
 x - 2 potions of haste {unknown}
 z - a potion of cancellation {unknown}
Comestibles
 g - 6 rations
 r - a chunk of flesh


   Skills:
 - Level 1.7 Fighting
 - Level 4.0 Short Blades
 - Level 2.0 Throwing
 - Level 1.1 Dodging
 + Level 8.1 Stealth


You had 5 spell levels left.
You didn't know any spells.

Dungeon Overview and Level Annotations

Branches:
Dungeon (3/15)

Altars:
Kikubaaqudgha
Makhleb
Ru

Annotations:
D:3 1 runed door, Grinder


Innate Abilities, Weirdness & Mutations

You are small and have problems with some larger weapons.
You are somewhat resistant to further mutation.


Message History

You hit Grinder. You burn Grinder.
Grinder is severely wounded.
Grinder closely misses you.
You hit Grinder. You burn Grinder.
Grinder is severely wounded.
Grinder blinks!
Grinder gestures at you.
You barely resist. Grinder hits you.
You hit Grinder. You burn Grinder.
Grinder is almost dead.
Grinder hits you.
* * * LOW HITPOINT WARNING * * *
You writhe in agony.
* * * LOW HITPOINT WARNING * * *
Some of the chunks of flesh in your inventory have rotted away.
You hit Grinder but do no damage.
Grinder is almost dead.
Grinder hits you.
You die...

#.........#
#.#######.# ..# #.#
..# #####.# ..#
#.....# ##### ###
#.########...##
##.##...##.....##
#......†#.....5.#
#..........._@..# .
#.......#.......#
.#
#####...##.....##
............##...##
...#####.#########
#... ..# #.. ####
... .<#####


You could see Grinder.

Vanquished Creatures
  A big kobold (Sewer)
  An orc priest (D:2)
  An orc wizard (D:3)
  3 gnolls (D:3)
  5 adders
  A river rat (Sewer)
  A worm (D:2)
  3 dart slugs
  3 leopard geckos
  3 orcs
  4 giant cockroaches
  13 goblins
  6 hobgoblins
  9 jackals
  7 kobolds
  3 quokkas (D:2)
  A ball python (D:1)
  8 bats
  3 frilled lizards
  8 rats
84 creatures vanquished.

Notes
Turn   | Place    | Note
-------+----------+-------------------------------------------
     0 | D:1      | varam the Halfling Assassin began the quest for the Orb.
     0 | D:1      | Reached XP level 1. HP: 14/14 MP: 1/1
    96 | D:2      | Reached XP level 2. HP: 6/19 MP: 2/2
   327 | D:1      | Reached skill level 3 in Short Blades
   523 | D:1      | Reached XP level 3. HP: 22/24 MP: 3/3
   550 | D:1      | Reached skill level 5 in Stealth
  1172 | D:2      | Reached XP level 4. HP: 26/29 MP: 4/4
  1202 | D:2      | Reached skill level 4 in Short Blades
  1555 | D:2      | Found a sacrificial altar of Ru.
  1613 | D:2      | Found an ancient bone altar of Kikubaaqudgha.
  1832 | D:2      | Reached skill level 6 in Stealth
  2344 | D:2      | Reached XP level 5. HP: 34/34 MP: 5/5
  2664 | D:3      | Found a glowing drain.
  2712 | D:3      | Reached skill level 7 in Stealth
  2783 | D:3      | Reached XP level 6. HP: 25/39 MP: 6/6
  2798 | Sewer    | Entered a sewer
  3152 | Sewer    | Found a white marble altar of Elyvilon.
  3225 | D:3      | Found a runed door.
  3295 | D:3      | Reached skill level 8 in Stealth
  3504 | D:3      | Found a burning altar of Makhleb.
  3504 | D:3      | Noticed Grinder
  3521 | D:3      | Paralysed by Grinder for 7 turns
  3536 | D:3      | HP: 1/39 [Grinder (4)]
  3537 | D:3      | Slain by Grinder

Vault maps used:
D:1:      eino_arrival_water_star, minmay_misc_feat_roman, st_stairs_7
D:2:      lemuel_round_altar, kiku_gazebo_pond_becter, first_ration
D:3:      lemuel_round_altar, chequers_temple_overflow_minitemple,
          gup_sewer_entry_glass, minmay_checkerbox, uniq_jessica, uniq_grinder,
          uniq_terence, uniq_crazy_yiuf_cottage, uniq_robin
Sewer:    sewer_kobolds

Skill      XL: |  1  2  3  4  5  6 |
---------------+-------------------+-----
Short Blades   | 3 4 |  4.0
Stealth        | 5 6 7 8 |  8.1
Fighting       | |  1.7
Throwing       | |  2.0
Dodging        | |  1.1

Action                   |  1- 3 |  4- 6 || total
-------------------------+-------+-------++-------
Melee: Dagger            |    23 |       ||    23
       Short sword       |    80 |   153 ||   233
 Fire: Blowgun           |     2 |     7 ||     9
  Use: Scroll            |     1 |     1 ||     2
       Potion            |       |     1 ||     1
 Stab: Sleeping          |     5 |     9 ||    14
       Distracted        |     1 |       ||     1
  Eat: Chunk             |     1 |     7 ||     8
Armor: Robe              |    23 |     9 ||    32
       Ring mail         |       |    16 ||    16
Dodge: Dodged            |    79 |    70 ||   149

Table legend:
 A = Spawn XP
 B = Non-spawn XP
 C = Spawn XP percentage of total XP
 D = Spawn monster count
 E = Non-spawn monster count
 F = Spawn count percentage of total count
 G = Total turns spent on level
                    A         B        C        D         E        F      G
               +---------+---------+-------+---------+---------+-------+---------
         Total |       0 |     434 |   0.0 |       0 |      84 |   0.0 |  3537
               +---------+---------+-------+---------+---------+-------+---------
           D:1 |       0 |      57 |   0.0 |       0 |      31 |   0.0 |   651
           D:2 |       0 |     126 |   0.0 |       0 |      31 |   0.0 |  1996
           D:3 |       0 |     133 |   0.0 |       0 |      14 |   0.0 |   490
         Sewer |       0 |     118 |   0.0 |       0 |       8 |   0.0 |   400
               +---------+---------+-------+---------+---------+-------+---------
